 Dungeon Crawl Stone Soup version 0.31-a0-149-g3fdcc5976a (webtiles) character file.

Game seed: 12857440777365725582

76195 Midn8 the Carver (level 15, -1/126 (132) HPs)
             Began as a Red Draconian Reaver on June 8, 2023.
             Was the Champion of Ru.
             Succumbed to Nessos's foul vapour
             ... on level 14 of the Dungeon.
             The game lasted 01:26:10 (27356 turns).

Midn8 the Carver (Red Draconian Reaver)            Turns: 27356, Time: 01:26:11

HP:   -1/126 (132)  AC: 13    Str: 14    XL:     15   Next: 11%
MP:   11/38         EV: 16    Int: 17    God:    Ru [******]
Gold: 1859          SH:  0    Dex: 14    Spells: 16/34 levels left

rFire   + . .        s - +5 scimitar
rCold   . . .        (shield unavailable)
rNeg    . . .        (body armour unavailable)
rPois   .            (helmet restricted)
rElec   .            U - scarf {shadows}
rCorr   .            i - +1 pair of gloves
SInv    .            p - +1 pair of boots
Will    +....        L - amulet of guardian spirit Stlth
                     (ring unavailable)
HPRegen 0.41/turn    k - ring of magical power
MPRegen 0.26/turn

%: guardian spirit
@: lethally poisoned (-1 -> -66), exhausted, about to teleport, slowed, lightly
drained, unable to drink, very slow
A: breathe fire, AC +9, unfitting armour, fire resistance 1, cold-blooded,
inability to drink after injury 2, missing a hand, no stealth, hated by all
a: Breathe Fire, Renounce Religion, Draw Out Power, Power Leap, Apocalypse


You were on level 14 of the Dungeon.
You worshipped Ru.
Ru was exalted by your worship.
You visited 2 branches of the dungeon, and saw 19 of its levels.
You also visited: Volcano.

You collected 1859 gold pieces.

Inventory:

Hand Weapons
 s - a +5 scimitar (weapon)
 y - the +6 shillelagh "Devastator" {shatter}
   (You found it on level 11 of the Dungeon)
 E - a +1 hand crossbow of flaming
 F - a +0 eveningstar
 G - a +2 demon trident of flaming
 I - a +0 rapier of flaming
 Q - the +7 dagger "Beetleslayer" {flame, rN++ Str-5 Dex+4}
   (You found it on level 2 of the Lair of Beasts)

   Str:       It affects your strength (-5).
   Dex:       It affects your dexterity (+4).
   rN:        It greatly protects you from negative energy.
Missiles
 b - 214 stones
 r - 5 atropa-tipped darts
 B - 5 throwing nets
 N - 26 poisoned darts
 P - 6 curare-tipped darts
Armour
 i - a +1 pair of gloves (worn)
 p - a +1 pair of boots (worn)
 U - a scarf of shadows (worn)
Magical Staves
 a - a staff of fire
Jewellery
 k - a ring of magical power (right hand)
 z - a ring of protection from cold
 D - a +5 ring of evasion
 J - the amulet "Nukkiuf" {Reflect -Cast rCorr Dex+3 SH+5}
   (You found it on level 4 of the Lair of Beasts)

   [amulet of reflection]

   It reflects blocked missile attacks.
   Dex:       It affects your dexterity (+3).
   -Cast:     It prevents spellcasting.
   rCorr:     It protects you from acid and corrosion.
   SH:        It affects your SH (+5).
 L - an amulet of guardian spirit (around neck)
Wands
 u - a wand of flame (63)
 v - a wand of light (1)
 M - a wand of polymorph (3)
 O - a wand of digging (4)
 T - a wand of iceblast (12)
Scrolls
 f - 2 scrolls of magic mapping
 g - 3 scrolls of teleportation
 t - 2 scrolls of fear
 A - 2 scrolls of enchant weapon
 K - 3 scrolls of identify
 R - a scroll of fog
 S - a scroll of amnesia
 V - a scroll of enchant armour
Potions
 c - 2 potions of invisibility
 d - a potion of enlightenment
 e - 2 potions of mutation
 h - 2 potions of brilliance
 j - a potion of magic
 l - 4 potions of resistance
 m - 2 potions of curing
 n - 3 potions of heal wounds
 o - 5 potions of lignification
 q - 3 potions of attraction
 w - 3 potions of ambrosia
 x - 6 potions of might
 C - 2 potions of haste
 H - a potion of cancellation


   Skills:
 - Level 12.0 Fighting
 - Level 14.0 Long Blades
 - Level 8.6 Dodging
 - Level 10.0 Spellcasting
 + Level 10.8 Conjurations
 - Level 4.0 Hexes
 - Level 3.0 Translocations
 + Level 10.8 Earth Magic
 - Level 4.0 Evocations


You had 16 spell levels left.
You knew the following spells:

 Your Spells              Type           Power      Damage    Failure   Level
a - Kiss of Death         Conj/Necr      100%       2d13      1%          1
d - Searing Ray           Conj           90%        2d7       1%          2
f - Fulminant Prism       Conj/Hex       16%        3d11      4%          4
r - Stone Arrow           Conj/Erth      90%        3d12      1%          3
s - Momentum Strike       Conj/Tloc      64%        3d9       1%          2
t - Leda's Unmaking       Conj/Erth      22%        9d4       16%         6

Your spell library contained the following spells:

 Spells                   Type           Power      Damage    Failure   Level
 Magic Dart               Conj           100%       1d8       1%          1
 Slow                     Hex            88%        N/A       1%          1
 Dazzling Flash           Conj/Hex       66%        N/A       1%          3
 Hailstorm                Conj/Ice       26%        3d7       2%          3
 Iskenderun's Battlesphe  Conj           45%        2d10      2%          5
 Lesser Beckoning         Tloc           36%        N/A       3%          2
 Confusing Touch          Hex            22%        N/A       4%          3
 Gell's Gravitas          Tloc           18%        N/A       8%          3
 Teleport Other           Tloc           18%        N/A       8%          3
 Cigotuvi's Dreadful Rot  Necr/Pois/Air  16%        N/A       13%         2
 Cause Fear               Hex            11%        N/A       16%         4
 Vampiric Draining        Necr           8%         2d6       26%         3
 Anguish                  Hex/Necr       7%         N/A       36%         4
 Dispel Undead            Necr           8%         3d8       63%         4
 Ice Form                 Ice/Tmut       8%         N/A       63%         4
 Silence                  Hex/Air        7%         N/A       71%         5
 Agony                    Necr           8%         N/A       93%         5
 Eringya's Noxious Bog    Tmut/Pois      4%         N/A       100%        6
 Enfeeble                 Hex            11%        N/A       100%        7
 Ozocubu's Refrigeration  Ice            4%         4d8       100%        7
 Lehudib's Crystal Spear  Conj/Erth      22%        10d6      100%        8
 Polar Vortex             Ice            4%         N/A       100%        9
 Animate Armour           Summ/Erth      Unusable   N/A       N/A         4
 Death Channel            Necr           Unusable   N/A       N/A         6
 Simulacrum               Ice/Necr       Unusable   N/A       N/A         6
 Spellforged Servitor     Conj/Summ      Unusable   N/A       N/A         7

Dungeon Overview and Level Annotations

Branches:
Dungeon (14/15)            Temple (0/1) D:4            Lair (5/5) D:11
 Shoals (0/4) Lair:2        Snake (0/4) Lair:3        Slime (0/5) Lair:5
    Orc (0/2) D:11         Vaults (0/5) D:13        Volcano (visited)

Altars:
Ru

Shops:
D:1 ?   D:2 [

Portals:
Abyss: D:12

Annotations:
D:7 exclusion: door
D:12 2 transporters, comborobin's ghost, journeyman HODe
D:14 Louise; Nessos
Lair:1 3 runed translucent doors, 2 transporters, Mihiasuf's ghost, journeyman MeEE; Offeog's ghost, journeyman DDFi; Ybiy's ghost, journeyman TrFi; jasper's ghost, journeyman SpCj


Innate Abilities, Weirdness & Mutations

You can breathe blasts of fire.
Your fiery red scales are hard. (AC +9)
You cannot fit into any form of body armour.
Your flesh is heat resistant. (rF+)
You are cold-blooded and may be slowed by cold attacks.
You sometimes lose the ability to drink potions when taking damage.
You are missing a hand.
You cannot be stealthy.
You are hated by all.


Message History

Press: ? - help, Shift-Dir - straight line, f/p - Nessos
Aim: Nessos, wielding a +2 longbow of flaming and wearing a +0 barding (heavily wounded, fast, will become a culicivora, a death drake, or a snapping turtle, chance to affect: 59%) Nessos evaporates and reforms as a death drake!
You feel very sick.
Aiming: Polymorph
Press: ? - help, Shift-Dir - straight line, f/p - Nessos
Aim: Nessos the death drake (will become a manticore, a skyshark, or a queen bee, chance to affect: 41%) Nessos resists with some effort.
You feel sick.
The catoblepas begins to attack, but is stunned by your conviction!
As you read the scroll of teleportation, it crumbles to dust.
You feel strangely unstable.
You feel sick.
The catoblepas begins to attack, but is stunned by your conviction!
Nessos breathes miasma at you. The foul vapour engulfs you!
You are more poisoned.
You are engulfed in dark miasma.
You are more poisoned.
You feel extremely sick.
You redirect the catoblepas's attack!
The catoblepas breathes a plume of calcifying dust at Nessos.
The blast of calcifying dust hits Nessos!
Nessos is engulfed in calcifying dust.
Nessos is moving more slowly.
You are engulfed in dark miasma.
You are lethally poisoned!
* * * LOW HITPOINT WARNING * * *
x2 You feel extremely sick.
Nessos breathes miasma at you. The foul vapour engulfs you.
You are more poisoned.
You feel yourself slow down.
* * * LOW HITPOINT WARNING * * *
You focus your inner power and slow Nessos in retribution!
Really walk into that cloud of calcifying dust? [Y]es or [N]o only, please.
Really walk into that cloud of calcifying dust?
Okay, then.
You cannot drink potions in your current state!
Unknown command.
You cannot drink potions in your current state!
You die...

..............(............†.....
...............).........##......
.........................##......
............####.........#.....#.
....................#...#......#.
..............○○○○.............#)
....#........○○○○§...............
#.............○..##..............
#.... ..)...k@#............... #
.. .....§°.#.......# ..... #
....§..##.......# ......
.Y.§............# #.............#
#.#...........##### ### .
##...##...###...###.c
##..#.###c#.....#.## #.#..
#...#...#...#


You could see a catoblepas (wandering) and Nessos the death drake (petrifying,
slow, catching breath).

Vanquished Creatures
  Rupert (D:12)
  Jorgrun (D:14)
  A red draconian (Volcano)
  A merfolk avatar (Lair:5)
  4 centaur warriors
  4 hydras
  An ogre mage (D:13)
  3 boulder beetles
  A boulder beetle (shapeshifter) (D:14)
  A catoblepas (Lair:2)
  7 two-headed ogres
  A tengu warrior (D:14)
  Sonja (Lair:5)
  A salamander mystic (Volcano)
  A skeletal warrior (D:14)
  2 skysharks (Lair:5)
  Lodul (D:13)
  Pikel (D:9)
  2 swamp dragons (Lair:5)
  An orc knight (D:13)
  4 lindwurms (Lair:2)
  2 ugly things
  4 manticores
  6 cyclopes
  3 salamanders (Volcano)
  Maurice (D:13)
  A black mamba (Lair:4)
  19 elephants
  3 merfolk sirens (Lair:2)
  A black mamba (shapeshifter) (D:14)
  An unseen horror (D:11)
  3 torpor snails
  11 cane toads
  3 kobold demonologists (D:13)
  3 yaktaurs (D:13)
  3 rime drakes
  Psyche (D:9)
  A freezing wraith (D:14)
  10 komodo dragons
  A tengu conjurer (D:14)
  A merfolk (Lair:2)
  3 trolls
  3 polar bears
  2 wind drakes (Lair:5)
  A meliai (shapeshifter) (D:14)
  2 hornets
  19 blink frogs
  A wind drake (shapeshifter) (D:14)
  4 dream sheep (Lair:5)
  A snapping turtle (Lair:5)
  A vampire (D:11)
  A water elemental (D:11)
  3 shadows
  9 wyverns
  2 wraiths (D:11)
  48 yaks
  Grum (D:9)
  2 basilisks
  12 vampire mosquitoes
  2 steam dragons
  3 nagas (Lair:3)
  20 water moccasins
  An ice beast (D:8)
  4 orc warriors
  6 black bears
  2 swamp drakes
  13 ogres
  9 wolves
  11 centaurs
  2 kobold brigands (D:13)
  16 bullfrogs
  8 scorpions
  4 wights (D:6)
  10 killer bees
  2 howler monkeys (D:5)
  2 electric eels (Lair:4)
  A crimson imp (D:9)
  3 hounds
  6 orc priests
  3 sleepcaps
  2 gnoll boudas
  5 iguanas
  9 orc wizards
  3 adders
  15 gnolls
  A shadow imp (D:6)
  4 white imps
  An ufetubus (D:6)
  A worm (D:2)
  5 dart slugs
  29 orcs
  7 ball pythons
  4 bats
  6 endoplasms
  3 giant cockroaches
  A goblin (D:2)
  6 hobgoblins
  A jackal (D:4)
  2 quokkas (D:3)
  6 frilled lizards (D:1)
  15 kobolds
  7 rats
494 creatures vanquished.

Vanquished Creatures (others)
  A harpy (Lair:5)
  A salamander (Volcano)
  A gargoyle (D:13)
  2 blink frogs
  A yak (Lair:4)
  An orc warrior (D:11)
  A centaur (D:13)
  3 bullfrogs
  A kobold brigand (D:11)
  A killer bee (D:8)
  An orc (D:11)
  A quokka (D:4)
  43 fulminant prisms
58 creatures vanquished.

Grand Total: 552 creatures vanquished

Notes
Turn   | Place    | Note
-------+----------+-------------------------------------------
     0 | D:1      | Midn8 the Draconian Reaver began the quest for the Orb.
     0 | D:1      | Reached XP level 1. HP: 17/17 MP: 3/3
   278 | D:1      | Reached XP level 2. HP: 24/24 MP: 5/5
   381 | D:1      | Found Wifuryzyn's Magic Scroll Emporium.
   505 | D:1      | Reached skill level 4 in Long Blades
   683 | D:2      | Reached XP level 3. HP: 25/27 MP: 3/6
   716 | D:2      | Found Plog's Antique Armour Shoppe.
  1196 | D:2      | Found a faded altar of an unknown god.
  1204 | D:2      | Prayed at the altar of an unknown god.
  1204 | D:2      | Became a worshipper of Ru the Awakened
  1208 | D:2      | Gained mutation: You are missing a hand. [Ru sacrifice]
  1208 | D:2      | Reached * piety under Ru
  1208 | D:2      | Reached ** piety under Ru
  1208 | D:2      | Reached *** piety under Ru
  1399 | D:3      | Reached skill level 5 in Long Blades
  1399 | D:3      | Reached XP level 4. HP: 11/30 MP: 3/7
  1402 | D:3      | Learned a level 2 spell: Momentum Strike
  2420 | D:4      | Reached XP level 5. HP: 29/41 MP: 5/9
  2665 | D:4      | Noticed a black bear
  2746 | D:4      | Reached skill level 1 in Translocations
  2917 | D:4      | Noticed an ogre
  3146 | D:4      | Found a staircase to the Ecumenical Temple.
  3173 | D:4      | Reached XP level 6. HP: 42/46 MP: 7/10
  3453 | D:4      | Reached skill level 5 in Conjurations
  3784 | D:4      | Your scales start taking on a fiery red colour.
  3784 | D:4      | Reached XP level 7. HP: 38/52 MP: 8/11
  3784 | D:4      | Gained mutation: Your flesh is heat resistant. (rF+) [Red
                  | Draconian growth]
  3944 | D:4      | Learned a level 3 spell: Stone Arrow
  4321 | D:5      | Entered Level 5 of the Dungeon
  4345 | D:5      | Reached skill level 6 in Long Blades
  4794 | D:5      | Reached XP level 8. HP: 65/66 MP: 12/12
  4794 | D:5      | Gained mutation: You are hated by all. [Ru sacrifice]
  4794 | D:5      | Reached **** piety under Ru
  4794 | D:5      | Reached ***** piety under Ru
  5133 | D:5      | Learned a level 2 spell: Searing Ray
  5814 | D:6      | Noticed a two-headed ogre
  5839 | D:6      | Killed a two-headed ogre
  5840 | D:6      | Reached XP level 9. HP: 63/71 MP: 1/18
  6463 | D:6      | Reached skill level 5 in Dodging
  7609 | D:7      | Learned a level 4 spell: Fulminant Prism
  7887 | D:7      | Reached skill level 1 in Hexes
  7971 | D:7      | Identified the +0 scale mail "Lochoza" {rN+}
  8216 | D:8      | Noticed a troll
  8302 | D:8      | Killed a troll
  8303 | D:8      | Reached XP level 10. HP: 72/75 MP: 7/19
  8375 | D:8      | Paralysed by a hornet for 2 turns
  8983 | D:9      | Noticed Psyche
  9088 | D:9      | Killed Psyche
  9130 | D:9      | Noticed Pikel
  9137 | D:9      | Killed Pikel
  9138 | D:9      | Reached skill level 7 in Long Blades
  9467 | D:9      | Reached skill level 8 in Long Blades
  9499 | D:9      | Noticed Grum
  9773 | D:9      | Killed Grum
  9774 | D:9      | Reached skill level 5 in Fighting
  9925 | D:10     | Entered Level 10 of the Dungeon
 10316 | D:10     | Reached skill level 1 in Evocations
 10763 | D:11     | Reached XP level 11. HP: 73/92 MP: 10/20
 11933 | D:11     | Noticed a boulder beetle
 12047 | D:11     | Killed a boulder beetle
 12116 | D:11     | Found the +6 shillelagh "Devastator" {shatter}
 12131 | D:11     | Found a staircase to the Orcish Mines.
 12186 | D:11     | Gained mutation: You cannot be stealthy. [Ru sacrifice]
 12276 | D:11     | Found a staircase to the Lair.
 12477 | Lair:1   | Entered Level 1 of the Lair of Beasts
 12523 | Lair:1   | Found a runed translucent gate.
 12523 | Lair:1   | Found a runed translucent gate.
 12523 | Lair:1   | Found a runed translucent gate.
 12526 | Lair:1   | Noticed jasper's ghost (journeyman SpCj)
 12526 | Lair:1   | Noticed Ybiy's ghost (journeyman TrFi)
 12527 | Lair:1   | Noticed Offeog's ghost (journeyman DDFi)
 12527 | Lair:1   | Noticed Mihiasuf's ghost (journeyman MeEE)
 12664 | Lair:1   | Reached skill level 5 in Earth Magic
 12695 | Lair:1   | Got the Volume of Metamorphosis and Superposition
 12696 | Lair:1   | Noticed a boulder beetle
 12710 | Lair:1   | Killed a boulder beetle
 12886 | Lair:1   | Found a transporter.
 13255 | Lair:1   | Found a transporter.
 13257 | Lair:1   | Noticed a fire crab
 13611 | Lair:2   | Reached skill level 9 in Long Blades
 14220 | Lair:2   | Reached skill level 10 in Long Blades
 14223 | Lair:2   | Reached XP level 12. HP: 91/101 MP: 21/21
 14780 | Lair:2   | Noticed a catoblepas
 14789 | Lair:2   | Killed a catoblepas
 14867 | Lair:2   | Found a staircase to the Shoals.
 15027 | Lair:2   | Gained mutation: You occasionally lose the ability to drink
                  | potions when taking damage. [Ru sacrifice]
 15027 | Lair:2   | Gained mutation: You sometimes lose the ability to drink
                  | potions when taking damage. [Ru sacrifice]
 15027 | Lair:2   | Reached ****** piety under Ru
 15733 | Lair:2   | Reached skill level 10 in Fighting
 16355 | Lair:3   | Found a dark tunnel.
 16360 | Volcano  | Entered a volcano
 16375 | Volcano  | Noticed a red draconian
 16391 | Volcano  | Killed a red draconian
 16551 | Volcano  | Reached skill level 10 in Spellcasting
 16905 | Lair:3   | Found a staircase to the Snake Pit.
 17090 | Lair:3   | Reached XP level 13. HP: 96/113 MP: 27/27
 17650 | Lair:4   | Identified the amulet "Nukkiuf" {Reflect -Cast rCorr Dex+3
                  | SH+5}
 18204 | Lair:4   | Reached skill level 11 in Long Blades
 18949 | Lair:4   | Reached skill level 12 in Long Blades
 19585 | Lair:5   | Entered Level 5 of the Lair of Beasts
 19585 | Lair:5   | Noticed Sonja
 19586 | Lair:5   | Killed Sonja
 19591 | Lair:5   | Reached skill level 13 in Long Blades
 20357 | Lair:5   | Reached skill level 14 in Long Blades
 20618 | Lair:4   | Reached XP level 14. HP: 102/122 MP: 28/28
 21802 | Lair:5   | Found a staircase to the Slime Pits.
 22521 | Lair:5   | Identified the +5 trident of Upheaval {vamp, rC+ Will+
                  | Dex+4 Stlth+}
 22774 | Lair:2   | Learned a level 6 spell: Leda's Unmaking
 22784 | Lair:2   | Identified the +7 dagger "Beetleslayer" {flame, rN++ Str-5
                  | Dex+4}
 23120 | D:12     | Found a transporter.
 23128 | D:12     | Noticed a green very ugly thing
 23460 | D:12     | Found a one-way gate to the infinite horrors of the Abyss.
 23460 | D:12     | Noticed comborobin's ghost (journeyman HODe)
 23563 | D:12     | Noticed Rupert
 23575 | D:12     | Paralysed by Rupert for 3 turns
 23592 | D:12     | Killed Rupert
 23896 | D:12     | Found a transporter.
 24118 | D:13     | Noticed Lodul
 24517 | D:13     | Killed Lodul
 24648 | D:13     | Noticed Maurice
 25005 | D:13     | Killed Maurice
 25118 | D:13     | Reached skill level 10 in Conjurations
 25118 | D:13     | Reached skill level 10 in Earth Magic
 25275 | D:13     | Found a gate to the Vaults.
 26454 | D:14     | Reached XP level 15. HP: 132/132 MP: 18/29
 27113 | D:14     | Noticed Jorgrun
 27129 | D:14     | Killed Jorgrun
 27328 | D:14     | Noticed Louise
 27328 | D:14     | Noticed Nessos
 27351 | D:14     | Nessos changed into Nessos the death drake
 27351 | D:14     | Noticed Nessos
 27356 | D:14     | Succumbed to Nessos's foul vapour

Illustrated notes

Levels and vault maps discovered:
D:1:      spicycebolla_green_bress_n_ham_2, layout_rooms, serial_shops,
          nicolae_diamond_shop, serial_glass, glass_columns_c, glass_columns_a
D:2:      layout_loops_cross, ebering_ecumenical_altar_webs, serial_shops,
          nicolae_shop_dealshenge, reono_crystal_passage, supply_closet_lemuel
D:3:      layout_basic, serial_curves, eino_curves_02, eino_curves_01,
          eino_curves_04, eino_curves_04, minmay_fountain_box
D:4:      minmay_razor_zed, layout_basic, minmay_temple_entry_purple_smoke,
          dreamdust_wishing_well, nicolae_figureground_pulse
D:5:      layout_gridville, minmay_door_square, chequers_serial_rivers_small_3
D:6:      layout_loops_corners
D:7:      layout_gridville, mainiacjoe_overflow_two_lobes, minmay_misc_feat_room
D:8:      layout_cave_pools, nicolae_sextant
D:9:      layout_rooms, minmay_fire_ice_demons, uniq_psyche, uniq_pikel,
          uniq_grum
D:10:     layout_roguey
D:11:     layout_cross, lair_entry_dummy, erik_orc_1,
          kennysheep_opposing_triangles
D:12:     layout_roguey, gammafunk_ghost_abyssal_escape, uniq_rupert
D:13:     layout_roguey, hangedman_vaults_entry_quadrant_bands, uniq_maurice,
          uniq_lodul
D:14:     nicolae_cairo_tiling, layout_basic, nicolae_take_the_stairs,
          st_stairs_14, nzn_random_ring, uniq_louise, uniq_nessos, uniq_jorgrun
Lair:1:   gammafunk_cloud_chamber, layout_misc_corridors,
          gammafunk_ghost_cemetery, serial_bayou_shore_b
Lair:2:   layout_long_grid, elwin_shoals_entry_stream, minmay_lindwurm_lava,
          infiniplex_staircase_pool_2, serial_bayou_shore_b, grunt_megastairs_5
Lair:3:   layout_big_grid, guppyfry_snake_entry_garden,
          nicolae_volcano_entry_s_turn, kennysheep_catoblepas_arena
Lair:4:   layout_cellular_growth, nicolae_lair_lakeside_cave
Lair:5:   gammafunk_lair_ancient_temple, layout_regular_city,
          dpeg_slime_entry_enclosed, chequers_serial_rivers_micro_b, pond,
          uniq_sonja

Skill      XL: |  1  2  3  4  5  6  7  8  9 10 11 12 13 14 |
---------------+-------------------------------------------+-----
Long Blades    | 4 5 6 8 10 14 | 14.0
Spellcasting   | 3 6 10 | 10.0
Conjurations   | 4 5 6 7 8 10 | 10.8
Translocations | 1 3 |  3.0
Fighting       | 3 4 7 8 10 12 | 12.0
Earth Magic    | 3 4 6 7 8 10 | 10.8
Dodging        | 3 6 8 |  8.6
Hexes          | 4 |  4.0
Evocations     | 4 |  4.0

Action                     |  1- 3 |  4- 6 |  7- 9 | 10-12 | 13-15 || total
---------------------------+-------+-------+-------+-------+-------++-------
  Melee: Falchion          |   100 |   105 |    45 |       |       ||   250
         Tailslap          |    12 |    12 |     8 |    58 |    99 ||   189
         Punch             |     1 |       |       |       |       ||     1
         Scimitar          |       |       |    21 |   434 |   510 ||   965
   Cast: Kiss of Death     |     3 |     2 |       |     2 |     1 ||     8
         Momentum Strike   |       |    25 |    23 |     9 |     1 ||    58
         Stone Arrow       |       |       |    26 |    95 |   288 ||   409
         Searing Ray       |       |       |    18 |     5 |       ||    23
         Fulminant Prism   |       |       |     1 |    33 |     9 ||    43
         Leda's Unmaking   |       |       |       |       |    10 ||    10
 Invoke: Sacrifice a Hand  |     1 |       |       |       |       ||     1
         Power Leap        |       |       |     1 |       |     5 ||     6
         Sacrifice Love    |       |       |     1 |       |       ||     1
         Apocalypse        |       |       |     1 |     1 |     4 ||     6
         Reject Sacrifices |       |       |     1 |       |       ||     1
         Sacrifice Stealth |       |       |       |     1 |       ||     1
         Draw Out Power    |       |       |       |     1 |     5 ||     6
         Sacrifice Drink   |       |       |       |     1 |       ||     1
Ability: Breathe Fire      |       |       |    20 |    33 |    17 ||    70
  Evoke: Wand              |       |       |       |       |     4 ||     4
    Use: Scroll            |       |     7 |     4 |     7 |     7 ||    25
         Potion            |       |       |       |     4 |     2 ||     6
   Stab: Sleeping          |     1 |       |       |       |       ||     1
         Invisible         |       |     1 |     1 |     3 |     9 ||    14
         Distracted        |       |       |       |     3 |     1 ||     4
         Paralysed         |       |       |       |     5 |    12 ||    17
 Armour: Skin              |    27 |    21 |    36 |   160 |   158 ||   402
  Dodge: Dodged            |    58 |    73 |   110 |   373 |   386 ||  1000

Table legend: (Time is in decaauts)
 A = Elapsed time spent in this place.
 B = Non-inter-level travel time spent in this place.
 C = Inter-level travel time spent in this place.
 D = Time resting spent in this place.
 E = Time spent auto-exploring this place.
 F = Levels seen in this place.
 G = Mean time per level.
                   A        B        C        D        E       F      G
               +--------+--------+--------+--------+--------+-----+--------+
         Total |  27331 |  26194 |   1137 |  11488 |   9836 |  20 | 1366.6 |
       Dungeon |  17019 |  16352 |    667 |   6592 |   6950 |  14 | 1215.6 |
          Lair |   9883 |   9413 |    470 |   4634 |   2886 |   5 | 1976.6 |
       Volcano |    429 |    429 |      0 |    262 |      0 |   1 |  429.0 |
               +--------+--------+--------+--------+--------+-----+--------+

Top non-repeatable levels by time:
  Lair:4: 3205 daAuts
  Lair:2: 2443 daAuts
     D:4: 2055 daAuts
  Lair:5: 1834 daAuts
    D:11: 1771 daAuts
    D:13: 1699 daAuts
     D:6: 1642 daAuts
    D:12: 1411 daAuts
  Lair:3: 1319 daAuts
    D:14: 1319 daAuts
     D:7: 1087 daAuts
     D:3: 1080 daAuts
  Lair:1: 1080 daAuts
     D:8: 1024 daAuts
     D:5: 927 daAuts
